RedWings vs Predators

Created - Wednesday, January 06, 2016 at 02:14

Goals
1 2 3 OT1 SO T
RedWings 0 1 0 0 0 1
Predators 1 0 0 0 2 2
Shots
1 2 3 OT1 SO T
RedWings 7 8 10 3 2 28
Predators 6 14 5 3 2 28

1st period

1. Predators , Roman Josi 7 (Tomas Plekanec, Valtteri Filppula) at 10:41 (PP)

Penalties :
Tim Gleason (Nsh) for Tripping (Minor) at 5:23, Eric Gryba (Det) for Cross-checking (Minor) at 10:34, Cody Eakin (Nsh) for Tripping (Minor) at 12:33, Milan Michalek (Det) for Hooking (Minor) at 16:22, Evander Kane (Nsh) for Interference (Minor) at 18:51

2nd period

2. RedWings , Shane Doan 11 (Milan Michalek, Nick Leddy) at 18:44 (SH)

Penalties :
Eric Gryba (Det) for Hooking (Minor) at 2:04, Tim Gleason (Nsh) for Hooking (Minor) at 4:22, Patrick Sharp (Det) for Hooking (Minor) at 8:32, Tomas Kopecky (Det) for Roughing (Minor) at 16:51

3rd period

No Goal

Penalties :
Martin Erat (Det) for Hooking (Minor) at 1:38, Steve Downie (Det) for High sticking (Minor) at 5:36, Tim Gleason (Nsh) for Holding (Minor) at 11:22, Cal Clutterbuck (Nsh) for High sticking (Minor) at 17:28

Overtime #1

No Goal

Penalties :
No Penalty

Shootout

Penalty Shot by Shane Doan for RedWings - Shot Misses the Net
Penalty Shot by Patrice Bergeron for Predators - Goal!
Penalty Shot by Milan Michalek for RedWings - Shot Misses the Net
Penalty Shot by Radim Vrbata for Predators - Goal!

Penalties :
No Penalty

Goalie Stats

Jonas Hiller (Det), 27 saves from 28 shots - (0.964), OTL, 14-14-4, 65:00 minutes
Jimmy Howard (Nsh), 27 saves from 28 shots - (0.964), W, 19-13-1, 65:00 minutes

Players Stats for RedWings

Player Name              G  A  P  +/- PIM S  H  SB GA TA FO     MP     PP MP  PK MP  
------------------------------------------------------------------------------------
Aaron Ekblad             0  0  0   0  0   2  0  1  0  3  0/0    28:16   5:13  10:02 
Alexei Emelin            0  0  0   0  0   0  0  0  0  0  0/0     0:59   0:59   0:00 
Chris VandeVelde         0  0  0   0  0   1  0  1  0  0  0/0    15:21   0:00   3:09 
Devante Smith-Pelly      0  0  0   0  0   3  3  0  1  0  3/11   14:44   0:22   0:58 
Eric Gryba               0  0  0   0  4   1  2  2  0  1  0/0    25:44   7:08   7:14 
John-Michael Liles       0  0  0   1  0   0  1  3  0  2  0/0    25:27   5:01   4:47 
Mark Letestu             0  0  0   0  0   0  1  1  2  1  6/12   16:48   5:39   0:00 
Martin Erat              0  0  0   0  2   2  0  0  1  0  0/0    16:48   5:39   0:00 
Milan Michalek           0  1  1   1  2   5  0  1  2  1  0/0    22:25   6:15   6:14 
Nick Leddy               0  1  1   1  0   0  1  0  0  3  0/0    17:23   0:00   1:59 
Patrick Sharp            0  0  0   0  2   1  1  0  3  2  0/1    20:20   5:39   2:26 
Paul Postma              0  0  0   0  0   0  0  3  1  1  0/0    16:35   0:00   0:00 
Shane Doan               1  0  1   1  0   3  2  0  2  0  2/16   26:06   5:53   6:04 
Shawn Horcoff            0  0  0   0  0   4  0  1  0  0  10/17  16:54   6:15   3:20 
Steve Downie             0  0  0   0  2   0  0  1  0  0  0/0     5:57   0:00   0:00 
TJ Galiardi              0  0  0   0  0   1  0  0  0  1  0/0     9:11   0:00   1:51 
Tomas Kopecky            0  0  0   0  2   4  3  0  0  0  0/0    13:01   0:00   0:00 
Zbynek Michalek          0  0  0   0  0   1  0  1  0  0  0/0    15:53   5:27   0:00 

Players Stats for Predators

Player Name              G  A  P  +/- PIM S  H  SB GA TA FO     MP     PP MP  PK MP  
------------------------------------------------------------------------------------
Andrew Cogliano          0  0  0   0  0   4  1  0  2  1  0/1    17:56   0:00   5:53 
Cal Clutterbuck          0  0  0   0  2   0  0  0  1  0  0/0    10:07   0:00   0:00 
Cody Eakin               0  0  0   0  2   1  0  1  3  0  10/17  16:01   0:15   5:13 
Dan Boyle                0  0  0  -1  0   0  0  0  0  1  0/0    13:19   6:49   4:37 
Dennis Seidenberg        0  0  0   0  0   3  2  2  0  0  0/0    27:37   5:39   7:17 
Dylan Olsen              0  0  0   0  0   1  0  1  0  0  0/0    14:12   5:12   0:00 
Eric Fehr                0  0  0   0  0   1  2  1  0  2  0/1    12:15   0:00   6:18 
Evander Kane             0  0  0   0  2   0  6  0  3  0  0/1    19:06   6:02   0:48 
Nick Schultz             0  0  0   0  0   2  0  4  0  0  0/0    20:44   0:00   4:37 
Nikolay Kulemin          0  0  0   0  0   0  2  0  0  0  0/0     7:00   0:00   0:00 
Patrice Bergeron         0  0  0   0  0   0  1  0  3  1  12/19  19:37   6:17   0:00 
Patrick Maroon           0  0  0   0  0   0  0  0  0  0  0/0     0:00   0:00   0:00 
Radim Vrbata             0  0  0   0  0   1  0  0  3  0  0/0    19:37   6:17   0:00 
Roman Josi               1  0  1  -1  0   3  1  5  1  1  0/0    32:00   6:22   4:37 
Tim Gleason              0  0  0   0  6   1  2  1  0  1  0/0    22:35   0:00   2:40 
Tomas Hertl              0  0  0  -1  0   2  3  0  2  0  1/1    13:20   5:44   0:00 
Tomas Plekanec           0  1  1  -1  0   6  3  0  4  0  9/12   21:40   5:44   5:36 
Valtteri Filppula        0  1  1  -1  0   3  0  1  5  0  4/5    20:54   5:44   0:00 

3 Stars

1 - Jimmy Howard (Nsh)
2 - Jonas Hiller (Det)
3 - Shane Doan (Det)

Power Play

RedWings - 0 on 6 Attempt(s) - 0.00%
Predators - 1 on 7 Attempt(s) - 14.29%

Penalty Kill

RedWings - 6 on 7 Attempt(s) - 85.71% - Score 1 goal in Penalty Kill
Predators - 6 on 6 Attempt(s) - 100.00% - Score 0 goal in Penalty Kill

Team Stat

RedWings - Hits : 14 - Faceoff Wins : 21 - Blocked Shots : 15 - Penalty Minutes : 14
Predators - Hits : 23 - Faceoff Wins : 36 - Blocked Shots : 16 - Penalty Minutes : 12

Official

Referees : Unknown
Linesman : Unknown

Game Notes

No Game Note

Finance

Level 1 -- Attendance: 5158 (85.97%) -- Ticket Income $443,588
Level 2 -- Attendance: 4878 (97.56%) -- Ticket Income $258,534
Level 3 -- Attendance: 1774 (88.70%) -- Ticket Income $54,994
Level 4 -- Attendance: 3818 (95.45%) -- Ticket Income $68,724
Luxury Box -- Attendance: 991 (99.10%) -- Ticket Income $177,389
Game was played at the Gaylord Entertainment Center.
Total Attendance: 16619 (92.33%)
Total Ticket Income: $1,003,229
Other Income: $491,582
Total Income: $1,494,811

RedWings

5 vs 5 Forward 
   Center                   Left Wing                Right Wing               Time % Phy DF OF 
 1 Shawn Horcoff            Shane Doan               Milan Michalek           35     0   2  3  
 2 Mark Letestu             Patrick Sharp            Martin Erat              25     0   2  3  
 3 Devante Smith-Pelly      Tomas Kopecky            Chris VandeVelde         20     0   3  2  
 4 Shane Doan               Steve Downie             TJ Galiardi              20     0   2  3  

5 vs 5 Defense 
   Defense                  Defense                                           Time % Phy DF OF 
 1 Paul Postma              Nick Leddy                                        35     0   3  2  
 2 Zbynek Michalek          John-Michael Liles                                30     0   3  2  
 3 Aaron Ekblad             Eric Gryba                                        22     0   3  2  
 4 John-Michael Liles       Zbynek Michalek                                   13     0   3  2  

PowerPlay Forward 
   Center                   Left Wing                Right Wing               Time % Phy DF OF 
 1 Shawn Horcoff            Shane Doan               Milan Michalek           60     0   2  3  
 2 Mark Letestu             Patrick Sharp            Martin Erat              40     0   2  3  

PowerPlay Defense
   Defense                  Defense                                           Time % Phy DF OF 
 1 Eric Gryba               Aaron Ekblad                                      60     0   2  3  
 2 Zbynek Michalek          John-Michael Liles                                40     0   2  3  

Penalty Kill 4 Players Forward 
   Center                   Wing                     Time % Phy DF OF 
 1 Shane Doan               Milan Michalek           60     1   4  0  
 2 Patrick Sharp            Shawn Horcoff            40     1   4  0  

Penalty Kill 4 Players Defense
   Defense                  Defense                  Time % Phy DF OF 
 1 Aaron Ekblad             Eric Gryba               60     1   4  0  
 2 Nick Leddy               John-Michael Liles       40     1   4  0  

Penalty Kill - 3 Players Forward 
   Forward                                           Time % Phy DF OF 
 1 Shane Doan                                        60     0   5  0  
 2 Milan Michalek                                    40     0   5  0  

Penalty Kill - 3 Players Defense
   Defense                  Defense                  Time % Phy DF OF 
 1 Nick Leddy               Aaron Ekblad             60     0   5  0  
 2 Eric Gryba               John-Michael Liles       40     0   5  0  

4 vs 4 Forward 
   Center                   Wing                     Time % Phy DF OF 
 1 Shane Doan               Milan Michalek           60     0   3  2  
 2 Patrick Sharp            Shawn Horcoff            40     0   3  2  

4 vs 4 Defense
   Defense                  Defense                  Time % Phy DF OF 
 1 Aaron Ekblad             Paul Postma              60     0   3  2  
 2 Eric Gryba               John-Michael Liles       40     0   3  2  

Last Minutes Offensive
   Center                   Left Wing                Right Wing               Defense                  Defense                  
   Shawn Horcoff            Shane Doan               Milan Michalek           Paul Postma              Nick Leddy               

Last Minutes Defensive
   Center                   Left Wing                Right Wing               Defense                  Defense                  
   Shawn Horcoff            Shane Doan               Milan Michalek           Paul Postma              Nick Leddy               

Goaltenders
Starting : Jonas Hiller             
Backup : Ben Scrivens             

Extra Forwards
Normal : Devante Smith-Pelly, Tomas Kopecky, Chris VandeVelde - PP : Devante Smith-Pelly, Tomas Kopecky - PK : Chris VandeVelde
Extra Defensemen
Normal : Aaron Ekblad, Eric Gryba, John-Michael Liles - PP : Aaron Ekblad - PK : Eric Gryba, Aaron Ekblad
Penalty Shots
Shane Doan, Milan Michalek, Patrick Sharp, Shawn Horcoff, Martin Erat

Predators

5 vs 5 Forward 
   Center                   Left Wing                Right Wing               Time % Phy DF OF 
 1 Patrice Bergeron         Evander Kane             Radim Vrbata             28     0   1  4  
 2 Cody Eakin               Andrew Cogliano          Cal Clutterbuck          25     1   3  1  
 3 Tomas Plekanec           Eric Fehr                Valtteri Filppula        25     0   1  4  
 4 Valtteri Filppula        Tomas Hertl              Nikolay Kulemin          22     0   2  3  

5 vs 5 Defense 
   Defense                  Defense                                           Time % Phy DF OF 
 1 Roman Josi               Nick Schultz                                      30     0   3  2  
 2 Dennis Seidenberg        Tim Gleason                                       28     0   4  1  
 3 Tim Gleason              Dylan Olsen                                       22     0   5  0  
 4 Roman Josi               Dennis Seidenberg                                 20     0   3  2  

PowerPlay Forward 
   Center                   Left Wing                Right Wing               Time % Phy DF OF 
 1 Patrice Bergeron         Evander Kane             Radim Vrbata             55     0   0  5  
 2 Tomas Plekanec           Valtteri Filppula        Tomas Hertl              45     0   1  4  

PowerPlay Defense
   Defense                  Defense                                           Time % Phy DF OF 
 1 Roman Josi               Dan Boyle                                         67     0   1  4  
 2 Dennis Seidenberg        Dylan Olsen                                       33     0   2  3  

Penalty Kill 4 Players Forward 
   Center                   Wing                     Time % Phy DF OF 
 1 Tomas Plekanec           Andrew Cogliano          50     0   4  1  
 2 Cody Eakin               Eric Fehr                50     0   4  1  

Penalty Kill 4 Players Defense
   Defense                  Defense                  Time % Phy DF OF 
 1 Roman Josi               Nick Schultz             50     0   4  1  
 2 Dennis Seidenberg        Tim Gleason              50     0   4  1  

Penalty Kill - 3 Players Forward 
   Forward                                           Time % Phy DF OF 
 1 Cody Eakin                                        50     0   4  1  
 2 Andrew Cogliano                                   50     0   4  1  

Penalty Kill - 3 Players Defense
   Defense                  Defense                  Time % Phy DF OF 
 1 Roman Josi               Nick Schultz             50     0   5  0  
 2 Dennis Seidenberg        Tim Gleason              50     0   5  0  

4 vs 4 Forward 
   Center                   Wing                     Time % Phy DF OF 
 1 Tomas Plekanec           Valtteri Filppula        50     0   1  4  
 2 Patrice Bergeron         Radim Vrbata             50     0   2  3  

4 vs 4 Defense
   Defense                  Defense                  Time % Phy DF OF 
 1 Roman Josi               Nick Schultz             55     0   3  2  
 2 Dennis Seidenberg        Tim Gleason              45     0   4  1  

Last Minutes Offensive
   Center                   Left Wing                Right Wing               Defense                  Defense                  
   Patrice Bergeron         Valtteri Filppula        Radim Vrbata             Roman Josi               Dan Boyle                

Last Minutes Defensive
   Center                   Left Wing                Right Wing               Defense                  Defense                  
   Tomas Plekanec           Cody Eakin               Andrew Cogliano          Roman Josi               Dennis Seidenberg        

Goaltenders
Starting : Jimmy Howard             
Backup : Kari Lehtonen            

Extra Forwards
Normal : Patrice Bergeron, Valtteri Filppula, Tomas Plekanec - PP : Cody Eakin, Eric Fehr - PK : Evander Kane
Extra Defensemen
Normal : Roman Josi, Dennis Seidenberg, Nick Schultz - PP : Dennis Seidenberg - PK : Tim Gleason, Dennis Seidenberg
Penalty Shots
Patrice Bergeron, Radim Vrbata, Eric Fehr, Roman Josi, Valtteri Filppula

% Time on Ice - RedWings

Lines # - Real PCT - Wanted PCT - Time Play
Normal Forward
1 - 22% - 35% - 7:50
2 - 32% - 25% - 11:29
3 - 31% - 20% - 11:10
4 - 16% - 20% - 5:36
Normal Defense
1 - 45% - 35% - 16:15
2 - 30% - 30% - 10:52
3 - 18% - 22% - 6:24
4 - 7% - 13% - 2:34
PP Forward
1 - 53% - 60% - 6:15
2 - 47% - 40% - 5:39
PP Defense
1 - 54% - 60% - 6:27
2 - 46% - 40% - 5:27
PK Forward
1 - 72% - 60% - 8:41
2 - 28% - 40% - 3:20
PK Defense
1 - 78% - 60% - 9:20
2 - 22% - 40% - 2:41
PK3 Forward
1 - 0% - 60%
2 - 0% - 40%
PK3 Defense
1 - 0% - 60%
2 - 0% - 40%
44 Forward
1 - 92% - 60% - 4:35
2 - 8% - 40% - 0:25
44 Defense
1 - 52% - 60% - 2:36
2 - 48% - 40% - 2:24
Last Minute Offensive  - 0:00
Last Minute Defensive  - 0:00
Total
Forward - 65:00
Defense - 65:00

% Time on Ice - Predators

Lines # - Real PCT - Wanted PCT - Time Play
Normal Forward
1 - 35% - 28% - 12:46
2 - 30% - 25% - 10:54
3 - 15% - 25% - 5:25
4 - 19% - 22% - 7:00
Normal Defense
1 - 42% - 30% - 15:15
2 - 26% - 28% - 9:13
3 - 24% - 22% - 8:30
4 - 9% - 20% - 3:07
PP Forward
1 - 52% - 55% - 6:17
2 - 48% - 45% - 5:44
PP Defense
1 - 57% - 67% - 6:49
2 - 43% - 33% - 5:12
PK Forward
1 - 47% - 50% - 5:36
2 - 53% - 50% - 6:18
PK Defense
1 - 39% - 50% - 4:37
2 - 61% - 50% - 7:17
PK3 Forward
1 - 0% - 50%
2 - 0% - 50%
PK3 Defense
1 - 0% - 50%
2 - 0% - 50%
44 Forward
1 - 51% - 50% - 2:33
2 - 49% - 50% - 2:27
44 Defense
1 - 53% - 55% - 2:39
2 - 47% - 45% - 2:21
Last Minute Offensive  - 0:00
Last Minute Defensive  - 0:00
Total
Forward - 65:00
Defense - 65:00

Play by Play

1st period


0:01 of 1st period - Shawn Horcoff wins face-off versus Patrice Bergeron in neutral zone.
0:59 of 1st period - Nick Schultz is hit by Mark Letestu and loses puck.
1:11 of 1st period - Slapshot by Patrick Sharp.
1:11 of 1st period - Shot Blocked by Dylan Olsen.
1:33 of 1st period - Slapshot by John-Michael Liles.
1:33 of 1st period - Shot Misses the Net.
1:35 of 1st period - Snap shot by Tomas Kopecky.
1:35 of 1st period - Shot Misses the Net.
1:37 of 1st period - Snap shot by Devante Smith-Pelly.
1:37 of 1st period - Stopped by Jimmy Howard with a rebound.
1:39 of 1st period - Wrist shot by Tomas Kopecky.
1:39 of 1st period - Stopped by Jimmy Howard with a rebound.
1:41 of 1st period - Snap shot by Zbynek Michalek.
1:41 of 1st period - Deflect By Tomas Kopecky.
1:41 of 1st period - Shot Blocked by Tim Gleason.
1:41 of 1st period - Puck is out of play.
1:42 of 1st period - Tomas Plekanec wins face-off versus Shane Doan in Predators zone.
2:02 of 1st period - Snap shot by Tomas Plekanec.
2:02 of 1st period - Shot Misses the Net.
2:05 of 1st period - Icing by Aaron Ekblad.
2:06 of 1st period - Cody Eakin wins face-off versus Shane Doan in RedWings zone.
2:29 of 1st period - Snap shot by Andrew Cogliano.
2:29 of 1st period - Shot Misses the Net.
3:00 of 1st period - Tomas Hertl is hit by Tomas Kopecky and loses puck.
3:50 of 1st period - Snap shot by Valtteri Filppula.
3:50 of 1st period - Shot Misses the Net.
4:20 of 1st period - Snap shot by Patrice Bergeron.
4:20 of 1st period - Shot Misses the Net.
4:22 of 1st period - Slapshot by Dennis Seidenberg.
4:22 of 1st period - Shot Blocked by John-Michael Liles.
4:24 of 1st period - Backhand shot by Dennis Seidenberg.
4:24 of 1st period - Stopped by Jonas Hiller without a rebound.
4:25 of 1st period - Shawn Horcoff wins face-off versus Cody Eakin in RedWings zone.
4:40 of 1st period - Snap shot by Cody Eakin.
4:40 of 1st period - Shot Misses the Net.
5:17 of 1st period - Tomas Kopecky is hit by Eric Fehr and loses puck.
5:23 of 1st period - Minor Penalty to Tim Gleason for Tripping.
5:24 of 1st period - Cody Eakin wins face-off versus Mark Letestu in Predators zone.
5:34 of 1st period - Wrist shot by Patrick Sharp.
5:34 of 1st period - Stopped by Jimmy Howard with a rebound.
5:36 of 1st period - Snap shot by Mark Letestu.
5:36 of 1st period - Shot Blocked by Roman Josi.
5:38 of 1st period - Slapshot by Aaron Ekblad.
5:38 of 1st period - Stopped by Jimmy Howard with a rebound.
5:40 of 1st period - Snap shot by Mark Letestu.
5:40 of 1st period - Shot Blocked by Nick Schultz.
5:42 of 1st period - Wrist shot by Mark Letestu.
5:42 of 1st period - Shot Blocked by Nick Schultz.
5:48 of 1st period - Backhand shot by Martin Erat.
5:48 of 1st period - Shot Misses the Net.
5:50 of 1st period - Slapshot by Patrick Sharp.
5:50 of 1st period - Shot Misses the Net.
6:04 of 1st period - Snap shot by Milan Michalek.
6:04 of 1st period - Stopped by Jimmy Howard without a rebound.
6:05 of 1st period - Shawn Horcoff wins face-off versus Cody Eakin in Predators zone.
6:08 of 1st period - Wrist shot by Shane Doan.
6:08 of 1st period - Deflect By Milan Michalek.
6:08 of 1st period - Shot Blocked by Dennis Seidenberg.
6:08 of 1st period - Puck is out of play.
6:09 of 1st period - Shawn Horcoff wins face-off versus Cody Eakin in Predators zone.
7:23 of 1st period - Penalty to Tim Gleason is over, Tim Gleason is back on ice.
8:09 of 1st period - Roman Josi is hit by Devante Smith-Pelly.
8:15 of 1st period - Nick Leddy is hit by Tomas Hertl and loses puck.
9:09 of 1st period - Slapshot by Radim Vrbata.
9:09 of 1st period - Shot Misses the Net.
9:11 of 1st period - Wrist shot by Evander Kane.
9:11 of 1st period - Shot Blocked by Paul Postma.
9:17 of 1st period - Backhand shot by Patrice Bergeron.
9:17 of 1st period - Shot Misses the Net.
10:34 of 1st period - Minor Penalty to Eric Gryba for Cross-checking.
10:35 of 1st period - Tomas Plekanec wins face-off versus Shane Doan in RedWings zone.
10:39 of 1st period - Wrist shot by Tomas Plekanec.
10:39 of 1st period - Stopped by Jonas Hiller with a rebound.
10:41 of 1st period - Snap shot by Roman Josi.
10:41 of 1st period - Goal by Roman Josi - RedWings : 0 - Predators : 1.
10:42 of 1st period - Devante Smith-Pelly wins face-off versus Patrice Bergeron in neutral zone.
10:47 of 1st period - Snap shot by Tomas Kopecky.
10:47 of 1st period - Stopped by Jimmy Howard without a rebound.
10:48 of 1st period - Patrice Bergeron wins face-off versus Devante Smith-Pelly in Predators zone.
10:48 of 1st period - Patrice Bergeron is hit by Devante Smith-Pelly.
10:56 of 1st period - Snap shot by Patrice Bergeron.
10:56 of 1st period - Shot Misses the Net.
11:45 of 1st period - Snap shot by Tomas Plekanec.
11:45 of 1st period - Shot Misses the Net.
11:59 of 1st period - Snap shot by Aaron Ekblad.
11:59 of 1st period - Shot Misses the Net.
12:01 of 1st period - Snap shot by Mark Letestu.
12:01 of 1st period - Shot Misses the Net.
12:03 of 1st period - Snap shot by Mark Letestu.
12:03 of 1st period - Shot Misses the Net.
12:33 of 1st period - Minor Penalty to Cody Eakin for Tripping.
12:34 of 1st period - Shawn Horcoff wins face-off versus Evander Kane in Predators zone.
13:09 of 1st period - Zbynek Michalek is hit by Dennis Seidenberg.
13:54 of 1st period - Andrew Cogliano is hit by Shane Doan and loses puck.
14:29 of 1st period - Snap shot by Patrick Sharp.
14:29 of 1st period - Deflect By Roman Josi.
14:29 of 1st period - Shot Misses the Net.
14:29 of 1st period - Puck is out of play.
14:30 of 1st period - Mark Letestu wins face-off versus Eric Fehr in Predators zone.
14:33 of 1st period - Penalty to Cody Eakin is over, Cody Eakin is back on ice.
14:59 of 1st period - Snap shot by Valtteri Filppula.
14:59 of 1st period - Shot Blocked by Chris VandeVelde.
15:52 of 1st period - Mark Letestu is hit by Evander Kane and loses puck.
16:22 of 1st period - Minor Penalty to Milan Michalek for Hooking.
16:23 of 1st period - Tomas Plekanec wins face-off versus Shane Doan in RedWings zone.
16:43 of 1st period - Slapshot by Valtteri Filppula.
16:43 of 1st period - Stopped by Jonas Hiller with a rebound.
16:45 of 1st period - Wrist shot by Tomas Plekanec.
16:45 of 1st period - Stopped by Jonas Hiller with a rebound.
17:50 of 1st period - Eric Gryba is hit by Tomas Plekanec and loses puck.
18:22 of 1st period - Penalty to Milan Michalek is over, Milan Michalek is back on ice.
18:23 of 1st period - Eric Gryba is hit by Evander Kane and loses puck.
18:30 of 1st period - Wrist shot by Radim Vrbata.
18:30 of 1st period - Stopped by Jonas Hiller without a rebound.
18:31 of 1st period - Mark Letestu wins face-off versus Patrice Bergeron in RedWings zone.
18:31 of 1st period - Mark Letestu is hit by Dennis Seidenberg.
18:51 of 1st period - Minor Penalty to Evander Kane for Interference.
18:52 of 1st period - Mark Letestu wins face-off versus Cody Eakin in Predators zone.
18:54 of 1st period - Snap shot by Patrick Sharp.
18:54 of 1st period - Deflect By Martin Erat.
18:54 of 1st period - Shot Blocked by Roman Josi.
18:54 of 1st period - Puck is out of play.
18:55 of 1st period - Cody Eakin wins face-off versus Mark Letestu in Predators zone.
19:52 of 1st period - Snap shot by Shawn Horcoff.
19:52 of 1st period - Stopped by Jimmy Howard with a rebound.
19:54 of 1st period - Wrist shot by Shawn Horcoff.
19:54 of 1st period - Shot Blocked by Roman Josi.
Goals for this period are 0 for RedWings vs 1 for Predators.
Shots for this period are 7 for RedWings vs 6 for Predators.

2nd period


0:01 of 2nd period - Cody Eakin wins face-off versus Shawn Horcoff in neutral zone.
0:06 of 2nd period - Snap shot by Eric Fehr.
0:06 of 2nd period - Stopped by Jonas Hiller with a rebound.
0:08 of 2nd period - Slapshot by Tim Gleason.
0:08 of 2nd period - Shot Blocked by Eric Gryba.
0:12 of 2nd period - Wrist shot by Cody Eakin.
0:12 of 2nd period - Shot Blocked by Shawn Horcoff.
0:14 of 2nd period - Slapshot by Dennis Seidenberg.
0:14 of 2nd period - Deflect By Eric Fehr.
0:14 of 2nd period - Shot Misses the Net.
0:14 of 2nd period - Puck is out of play.
0:15 of 2nd period - Shawn Horcoff wins face-off versus Cody Eakin in RedWings zone.
0:44 of 2nd period - Wrist shot by Shane Doan.
0:44 of 2nd period - Stopped by Jimmy Howard without a rebound.
0:45 of 2nd period - Cody Eakin wins face-off versus Mark Letestu in Predators zone.
0:51 of 2nd period - Penalty to Evander Kane is over, Evander Kane is back on ice.
1:33 of 2nd period - Wrist shot by Chris VandeVelde.
1:33 of 2nd period - Stopped by Jimmy Howard with a rebound.
1:35 of 2nd period - Slapshot by Zbynek Michalek.
1:35 of 2nd period - Stopped by Jimmy Howard with a rebound.
1:37 of 2nd period - Snap shot by Eric Gryba.
1:37 of 2nd period - Stopped by Jimmy Howard with a rebound.
1:51 of 2nd period - Snap shot by Aaron Ekblad.
1:51 of 2nd period - Shot Misses the Net.
1:53 of 2nd period - Snap shot by Chris VandeVelde.
1:53 of 2nd period - Shot Blocked by Nick Schultz.
1:55 of 2nd period - Slapshot by Aaron Ekblad.
1:55 of 2nd period - Stopped by Jimmy Howard with a rebound.
1:57 of 2nd period - Wrist shot by Devante Smith-Pelly.
1:57 of 2nd period - Shot Misses the Net.
2:03 of 2nd period - Snap shot by Tomas Kopecky.
2:03 of 2nd period - Stopped by Jimmy Howard with a rebound.
2:04 of 2nd period - Minor Penalty to Eric Gryba for Hooking.
2:05 of 2nd period - Patrice Bergeron wins face-off versus Shane Doan in RedWings zone.
2:08 of 2nd period - Slapshot by Patrice Bergeron.
2:08 of 2nd period - Shot Misses the Net.
2:10 of 2nd period - Slapshot by Dennis Seidenberg.
2:10 of 2nd period - Shot Misses the Net.
2:34 of 2nd period - Snap shot by Tomas Plekanec.
2:34 of 2nd period - Shot Blocked by John-Michael Liles.
3:39 of 2nd period - Wrist shot by Patrick Sharp.
3:39 of 2nd period - Shot Blocked by Valtteri Filppula.
3:48 of 2nd period - Off-side.
3:49 of 2nd period - Patrice Bergeron wins face-off versus Shane Doan in neutral zone.
4:04 of 2nd period - Penalty to Eric Gryba is over, Eric Gryba is back on ice.
4:22 of 2nd period - Minor Penalty to Tim Gleason for Hooking.
4:23 of 2nd period - Cody Eakin wins face-off versus Mark Letestu in Predators zone.
5:02 of 2nd period - Andrew Cogliano is hit by Eric Gryba and loses puck.
5:23 of 2nd period - Dennis Seidenberg is hit by Patrick Sharp and loses puck.
5:32 of 2nd period - Snap shot by Martin Erat.
5:32 of 2nd period - Shot Blocked by Cody Eakin.
5:52 of 2nd period - Wrist shot by Tomas Plekanec.
5:52 of 2nd period - Stopped by Jonas Hiller with a rebound.
5:54 of 2nd period - Snap shot by Andrew Cogliano.
5:54 of 2nd period - Stopped by Jonas Hiller with a rebound.
5:56 of 2nd period - Slapshot by Roman Josi.
5:56 of 2nd period - Stopped by Jonas Hiller with a rebound.
5:58 of 2nd period - Slapshot by Roman Josi.
5:58 of 2nd period - Stopped by Jonas Hiller with a rebound.
6:00 of 2nd period - Slapshot by Nick Schultz.
6:00 of 2nd period - Stopped by Jonas Hiller without a rebound.
6:01 of 2nd period - Tomas Plekanec wins face-off versus Mark Letestu in RedWings zone.
6:16 of 2nd period - Snap shot by Tomas Plekanec.
6:16 of 2nd period - Shot Misses the Net.
6:22 of 2nd period - Penalty to Tim Gleason is over, Tim Gleason is back on ice.
6:44 of 2nd period - Icing by Nick Leddy.
6:45 of 2nd period - Valtteri Filppula wins face-off versus Devante Smith-Pelly in RedWings zone.
6:48 of 2nd period - Wrist shot by Tomas Hertl.
6:48 of 2nd period - Stopped by Jonas Hiller without a rebound.
6:49 of 2nd period - Valtteri Filppula wins face-off versus Devante Smith-Pelly in RedWings zone.
7:12 of 2nd period - Wrist shot by Valtteri Filppula.
7:12 of 2nd period - Deflect By Tomas Hertl.
7:12 of 2nd period - Deflect By Devante Smith-Pelly.
7:12 of 2nd period - Shot Blocked by Paul Postma.
7:12 of 2nd period - Puck is out of play.
7:13 of 2nd period - Patrice Bergeron wins face-off versus Shawn Horcoff in RedWings zone.
7:14 of 2nd period - Snap shot by Radim Vrbata.
7:14 of 2nd period - Shot Misses the Net.
7:56 of 2nd period - Slapshot by John-Michael Liles.
7:56 of 2nd period - Deflect By Tomas Kopecky.
7:56 of 2nd period - Shot Blocked by Roman Josi.
7:56 of 2nd period - Puck is out of play.
7:57 of 2nd period - Devante Smith-Pelly wins face-off versus Andrew Cogliano in Predators zone.
8:10 of 2nd period - Slapshot by Andrew Cogliano.
8:10 of 2nd period - Stopped by Jonas Hiller without a rebound.
8:11 of 2nd period - Mark Letestu wins face-off versus Cody Eakin in RedWings zone.
8:30 of 2nd period - Wrist shot by Cody Eakin.
8:30 of 2nd period - Shot Misses the Net.
8:32 of 2nd period - Minor Penalty to Patrick Sharp for Hooking.
8:33 of 2nd period - Shane Doan wins face-off versus Patrice Bergeron in RedWings zone.
9:24 of 2nd period - Wrist shot by Dan Boyle.
9:24 of 2nd period - Shot Blocked by Milan Michalek.
10:29 of 2nd period - Wrist shot by Tomas Plekanec.
10:29 of 2nd period - Stopped by Jonas Hiller without a rebound.
10:30 of 2nd period - Tomas Plekanec wins face-off versus Shane Doan in RedWings zone.
10:32 of 2nd period - Penalty to Patrick Sharp is over, Patrick Sharp is back on ice.
10:53 of 2nd period - Snap shot by Andrew Cogliano.
10:53 of 2nd period - Stopped by Jonas Hiller without a rebound.
10:54 of 2nd period - Cody Eakin wins face-off versus Patrick Sharp in RedWings zone.
11:21 of 2nd period - Wrist shot by Cody Eakin.
11:21 of 2nd period - Shot Blocked by John-Michael Liles.
11:23 of 2nd period - Slapshot by Dennis Seidenberg.
11:23 of 2nd period - Stopped by Jonas Hiller with a rebound.
12:13 of 2nd period - Tomas Plekanec is hit by Tomas Kopecky.
12:59 of 2nd period - Wrist shot by Valtteri Filppula.
12:59 of 2nd period - Shot Blocked by Steve Downie.
13:27 of 2nd period - Wrist shot by Martin Erat.
13:27 of 2nd period - Stopped by Jimmy Howard without a rebound.
13:28 of 2nd period - Mark Letestu wins face-off versus Patrice Bergeron in Predators zone.
14:18 of 2nd period - Snap shot by Andrew Cogliano.
14:18 of 2nd period - Shot Blocked by Aaron Ekblad.
14:20 of 2nd period - Slapshot by Andrew Cogliano.
14:20 of 2nd period - Shot Blocked by Eric Gryba.
14:43 of 2nd period - Snap shot by Tomas Hertl.
14:43 of 2nd period - Stopped by Jonas Hiller without a rebound.
14:44 of 2nd period - Tomas Hertl wins face-off versus Shawn Horcoff in RedWings zone.
14:51 of 2nd period - Snap shot by Valtteri Filppula.
14:51 of 2nd period - Shot Blocked by Paul Postma.
15:03 of 2nd period - Nick Leddy is hit by Nikolay Kulemin and loses puck.
15:38 of 2nd period - Off-side.
15:39 of 2nd period - Patrice Bergeron wins face-off versus Shane Doan in neutral zone.
15:42 of 2nd period - Shane Doan is hit by Evander Kane and loses puck.
16:27 of 2nd period - Snap shot by Andrew Cogliano.
16:27 of 2nd period - Shot Misses the Net.
16:29 of 2nd period - Slapshot by Dylan Olsen.
16:29 of 2nd period - Stopped by Jonas Hiller with a rebound.
16:48 of 2nd period - Snap shot by Andrew Cogliano.
16:48 of 2nd period - Stopped by Jonas Hiller without a rebound.
16:49 of 2nd period - Devante Smith-Pelly wins face-off versus Tomas Plekanec in RedWings zone.
16:51 of 2nd period - Minor Penalty to Tomas Kopecky for Roughing.
16:52 of 2nd period - Patrice Bergeron wins face-off versus Shane Doan in RedWings zone.
18:19 of 2nd period - Nick Leddy is hit by Evander Kane and loses puck.
18:44 of 2nd period - Wrist shot by Shane Doan.
18:44 of 2nd period - Goal by Shane Doan - RedWings : 1 - Predators : 1.
18:45 of 2nd period - Patrice Bergeron wins face-off versus Shane Doan in neutral zone.
18:51 of 2nd period - Penalty to Tomas Kopecky is over, Tomas Kopecky is back on ice.
19:30 of 2nd period - Roman Josi is hit by John-Michael Liles and loses puck.
Goals for this period are 1 for RedWings vs 0 for Predators.
Shots for this period are 8 for RedWings vs 14 for Predators.

3rd period


0:01 of 3rd period - Tomas Plekanec wins face-off versus Shane Doan in neutral zone.
0:14 of 3rd period - Snap shot by Milan Michalek.
0:14 of 3rd period - Deflect By Valtteri Filppula.
0:14 of 3rd period - Shot Misses the Net.
0:14 of 3rd period - Puck is out of play.
0:15 of 3rd period - Shawn Horcoff wins face-off versus Tomas Plekanec in Predators zone.
0:20 of 3rd period - Snap shot by Milan Michalek.
0:20 of 3rd period - Stopped by Jimmy Howard without a rebound.
0:21 of 3rd period - Valtteri Filppula wins face-off versus Shawn Horcoff in Predators zone.
0:44 of 3rd period - Wrist shot by Tomas Hertl.
0:44 of 3rd period - Shot Misses the Net.
0:46 of 3rd period - Slapshot by Dennis Seidenberg.
0:46 of 3rd period - Stopped by Jonas Hiller with a rebound.
1:33 of 3rd period - Snap shot by Cody Eakin.
1:33 of 3rd period - Stopped by Jonas Hiller with a rebound.
1:35 of 3rd period - Snap shot by Cody Eakin.
1:35 of 3rd period - Deflect By Milan Michalek.
1:35 of 3rd period - Shot Misses the Net.
1:35 of 3rd period - Puck is out of play.
1:36 of 3rd period - Mark Letestu wins face-off versus Patrice Bergeron in RedWings zone.
1:38 of 3rd period - Minor Penalty to Martin Erat for Hooking.
1:39 of 3rd period - Shane Doan wins face-off versus Patrice Bergeron in RedWings zone.
1:51 of 3rd period - John-Michael Liles is hit by Evander Kane and loses puck.
2:40 of 3rd period - Eric Gryba is hit by Roman Josi and loses puck.
3:31 of 3rd period - Wrist shot by Valtteri Filppula.
3:31 of 3rd period - Stopped by Jonas Hiller with a rebound.
3:38 of 3rd period - Penalty to Martin Erat is over, Martin Erat is back on ice.
3:51 of 3rd period - Roman Josi is hit by Tomas Kopecky.
3:57 of 3rd period - Slapshot by Nick Leddy.
3:57 of 3rd period - Deflect By Tomas Kopecky.
3:57 of 3rd period - Shot Misses the Net.
3:57 of 3rd period - Puck is out of play.
3:58 of 3rd period - Cody Eakin wins face-off versus Devante Smith-Pelly in Predators zone.
4:25 of 3rd period - Cal Clutterbuck is hit by Nick Leddy and loses puck.
5:28 of 3rd period - Evander Kane is hit by Shane Doan and loses puck.
5:36 of 3rd period - Minor Penalty to Steve Downie for High sticking.
5:37 of 3rd period - Patrice Bergeron wins face-off versus Shane Doan in RedWings zone.
7:02 of 3rd period - Aaron Ekblad is hit by Tomas Hertl.
7:36 of 3rd period - Penalty to Steve Downie is over, Steve Downie is back on ice.
8:45 of 3rd period - Aaron Ekblad is hit by Andrew Cogliano.
8:58 of 3rd period - Mark Letestu is hit by Tim Gleason and loses puck.
9:21 of 3rd period - Slapshot by Nick Leddy.
9:21 of 3rd period - Shot Blocked by Nick Schultz.
9:23 of 3rd period - Snap shot by Devante Smith-Pelly.
9:23 of 3rd period - Stopped by Jimmy Howard with a rebound.
9:33 of 3rd period - Slapshot by Devante Smith-Pelly.
9:33 of 3rd period - Deflect By Tomas Kopecky.
9:33 of 3rd period - Stopped by Jimmy Howard with a rebound.
10:22 of 3rd period - Slapshot by Milan Michalek.
10:22 of 3rd period - Shot Blocked by Roman Josi.
10:38 of 3rd period - Roman Josi is hit by Devante Smith-Pelly and loses puck.
11:01 of 3rd period - Snap shot by Valtteri Filppula.
11:01 of 3rd period - Shot Misses the Net.
11:09 of 3rd period - TJ Galiardi is hit by Tomas Hertl and loses puck.
11:22 of 3rd period - Minor Penalty to Tim Gleason for Holding.
11:23 of 3rd period - Cody Eakin wins face-off versus Shawn Horcoff in Predators zone.
12:03 of 3rd period - Slapshot by Martin Erat.
12:03 of 3rd period - Stopped by Jimmy Howard with a rebound.
12:05 of 3rd period - Wrist shot by Martin Erat.
12:05 of 3rd period - Shot Misses the Net.
12:21 of 3rd period - Alexei Emelin is hit by Tomas Plekanec.
13:01 of 3rd period - Milan Michalek is hit by Eric Fehr and loses puck.
13:22 of 3rd period - Penalty to Tim Gleason is over, Tim Gleason is back on ice.
14:04 of 3rd period - Off-side.
14:05 of 3rd period - Patrice Bergeron wins face-off versus Devante Smith-Pelly in neutral zone.
14:08 of 3rd period - Devante Smith-Pelly is hit by Tim Gleason and loses puck.
14:41 of 3rd period - Steve Downie is hit by Nikolay Kulemin and loses puck.
15:22 of 3rd period - Devante Smith-Pelly is hit by Evander Kane and loses puck.
15:27 of 3rd period - Snap shot by Patrice Bergeron.
15:27 of 3rd period - Shot Blocked by Zbynek Michalek.
15:45 of 3rd period - Slapshot by Tomas Plekanec.
15:45 of 3rd period - Stopped by Jonas Hiller without a rebound.
15:46 of 3rd period - Shawn Horcoff wins face-off versus Tomas Plekanec in RedWings zone.
15:57 of 3rd period - Snap shot by Shawn Horcoff.
15:57 of 3rd period - Shot Misses the Net.
15:59 of 3rd period - Snap shot by TJ Galiardi.
15:59 of 3rd period - Stopped by Jimmy Howard with a rebound.
16:01 of 3rd period - Slapshot by Shawn Horcoff.
16:01 of 3rd period - Stopped by Jimmy Howard with a rebound.
16:03 of 3rd period - Snap shot by Milan Michalek.
16:03 of 3rd period - Stopped by Jimmy Howard without a rebound.
16:04 of 3rd period - Shawn Horcoff wins face-off versus Valtteri Filppula in Predators zone.
16:18 of 3rd period - Snap shot by Valtteri Filppula.
16:18 of 3rd period - Stopped by Jonas Hiller without a rebound.
16:19 of 3rd period - Valtteri Filppula wins face-off versus Mark Letestu in RedWings zone.
16:44 of 3rd period - Snap shot by Patrice Bergeron.
16:44 of 3rd period - Shot Blocked by Mark Letestu.
17:23 of 3rd period - Off-side.
17:24 of 3rd period - Cody Eakin wins face-off versus Shawn Horcoff in neutral zone.
17:28 of 3rd period - Minor Penalty to Cal Clutterbuck for High sticking.
17:29 of 3rd period - Tomas Plekanec wins face-off versus Shane Doan in Predators zone.
17:46 of 3rd period - Snap shot by Milan Michalek.
17:46 of 3rd period - Stopped by Jimmy Howard without a rebound.
17:47 of 3rd period - Tomas Plekanec wins face-off versus Shawn Horcoff in Predators zone.
18:00 of 3rd period - Snap shot by Shane Doan.
18:00 of 3rd period - Shot Blocked by Dennis Seidenberg.
18:02 of 3rd period - Wrist shot by Shawn Horcoff.
18:02 of 3rd period - Shot Misses the Net.
18:04 of 3rd period - Backhand shot by Shawn Horcoff.
18:04 of 3rd period - Stopped by Jimmy Howard with a rebound.
18:08 of 3rd period - Snap shot by Milan Michalek.
18:08 of 3rd period - Stopped by Jimmy Howard with a rebound.
18:10 of 3rd period - Snap shot by Milan Michalek.
18:10 of 3rd period - Shot Blocked by Eric Fehr.
19:09 of 3rd period - Off-side.
19:10 of 3rd period - Shawn Horcoff wins face-off versus Cody Eakin in neutral zone.
19:28 of 3rd period - Penalty to Cal Clutterbuck is over, Cal Clutterbuck is back on ice.
19:37 of 3rd period - Milan Michalek is hit by Tomas Plekanec and loses puck.
Goals for this period are 0 for RedWings vs 0 for Predators.
Shots for this period are 10 for RedWings vs 5 for Predators.

Overtime #1


0:01 of 1st overtime period - Tomas Plekanec wins face-off versus Shane Doan in neutral zone.
0:20 of 1st overtime period - Slapshot by Shane Doan.
0:20 of 1st overtime period - Stopped by Jimmy Howard with a rebound.
0:32 of 1st overtime period - Slapshot by Tomas Plekanec.
0:32 of 1st overtime period - Stopped by Jonas Hiller with a rebound.
0:34 of 1st overtime period - Slapshot by Nick Schultz.
0:34 of 1st overtime period - Stopped by Jonas Hiller with a rebound.
1:24 of 1st overtime period - Slapshot by Shane Doan.
1:24 of 1st overtime period - Shot Misses the Net.
1:45 of 1st overtime period - Tomas Plekanec is hit by Eric Gryba and loses puck.
1:56 of 1st overtime period - Slapshot by Devante Smith-Pelly.
1:56 of 1st overtime period - Shot Misses the Net.
2:02 of 1st overtime period - Snap shot by Devante Smith-Pelly.
2:02 of 1st overtime period - Stopped by Jimmy Howard without a rebound.
2:03 of 1st overtime period - Patrice Bergeron wins face-off versus Devante Smith-Pelly in Predators zone.
2:16 of 1st overtime period - Slapshot by Radim Vrbata.
2:16 of 1st overtime period - Shot Misses the Net.
2:18 of 1st overtime period - Slapshot by Tim Gleason.
2:18 of 1st overtime period - Deflect By Aaron Ekblad.
2:18 of 1st overtime period - Stopped by Jonas Hiller without a rebound.
2:19 of 1st overtime period - Patrice Bergeron wins face-off versus Devante Smith-Pelly in RedWings zone.
2:44 of 1st overtime period - Snap shot by Valtteri Filppula.
2:44 of 1st overtime period - Shot Misses the Net.
3:06 of 1st overtime period - Milan Michalek is hit by Patrice Bergeron and loses puck.
3:29 of 1st overtime period - Snap shot by Tomas Plekanec.
3:29 of 1st overtime period - Shot Misses the Net.
3:49 of 1st overtime period - Snap shot by Chris VandeVelde.
3:49 of 1st overtime period - Shot Misses the Net.
3:57 of 1st overtime period - Slapshot by Aaron Ekblad.
3:57 of 1st overtime period - Shot Misses the Net.
4:47 of 1st overtime period - Wrist shot by Shawn Horcoff.
4:47 of 1st overtime period - Stopped by Jimmy Howard without a rebound.
4:48 of 1st overtime period - Patrice Bergeron wins face-off versus Devante Smith-Pelly in Predators zone.
Goals for this period are 0 for RedWings vs 0 for Predators.
Shots for this period are 3 for RedWings vs 3 for Predators.

ShootOut


5:00 of 1st overtime period - Penalty Shot by Shane Doan for RedWings.
5:00 of 1st overtime period - Wrist shot by Shane Doan.
5:00 of 1st overtime period - Shot Misses the Net.
5:00 of 1st overtime period - Penalty Shot by Patrice Bergeron for Predators.
5:00 of 1st overtime period - Deke by Patrice Bergeron.
5:00 of 1st overtime period - Goal by Patrice Bergeron.
5:00 of 1st overtime period - Penalty Shot by Milan Michalek for RedWings.
5:00 of 1st overtime period - Deke by Milan Michalek.
5:00 of 1st overtime period - Shot Misses the Net.
5:00 of 1st overtime period - Penalty Shot by Radim Vrbata for Predators.
5:00 of 1st overtime period - Deke by Radim Vrbata.
5:00 of 1st overtime period - Goal by Radim Vrbata.